 Dungeon Crawl Stone Soup version 0.29.0-4-gdea44cf6ec (webtiles) character file.

Game seed: 8578594112126300273

83 qw the Chopper (level 4, 0/26 HPs)
             Began as a Tengu Warper on Aug 28, 2022.
             Killed by divine providence
             ... invoked by an orc priest
              (15 damage)
             ... on level 3 of the Dungeon.
             The game lasted 00:00:11 (2462 turns).

qw the Chopper (Tengu Warper)                       Turns: 2462, Time: 00:00:12

Health: 0/26       AC:  3    Str: 14    XL:     4   Next: 44%
Magic:  8/8        EV: 12    Int: 13    God:
Gold:   128        SH:  0    Dex: 13    Spells: 7/7 levels left

rFire   . . .      SeeInvis .   Y - +0 hand axe
rCold   . . .      Faith    .   (no shield)
rNeg    . . .      Spirit   .   b - +0 leather armour
rPois   +          Reflect  .   (helmet restricted)
rElec   .          Harm     .   (no cloak)
rCorr   .          Rampage  .   (no gloves)
Will    .....                   (boots unavailable)
Stlth   +.........              (no amulet)
HPRegen 0.08/turn               (no ring)
MPRegen 0.11/turn               (no ring)

@: no status effects
A: beak, talons 3, poison resistance
a: no special abilities


You were on level 3 of the Dungeon.
You visited 1 branch of the dungeon, and saw 3 of its levels.

You collected 128 gold pieces.


Innate Abilities, Weirdness & Mutations

You have a beak for a mouth.
You have claws for feet.
Your system is resistant to poisons. (rPois)


   Skills:
 - Level 2.0 Fighting
 + Level 5.0 Axes
 - Level 1.0 Throwing
 - Level 1.1 Armour
 - Level 2.1 Dodging
 - Level 2.0 Spellcasting
 - Level 2.4 Translocations


You had 7 spell levels left.
You didn't know any spells.
Your spell library contained the following spells:

 Spells                   Type           Power      Damage    Failure   Level
 Blink                    Tloc           14%        N/A       19%         2
 Gell's Gravitas          Tloc           7%         N/A       34%         3
 Lesser Beckoning         Tloc           7%         N/A       34%         3
 Teleport Other           Tloc           7%         N/A       34%         3
 Manifold Assault         Tloc           7%         N/A       97%         5

Inventory:

Hand Weapons
 g - a +0 mace
 Y - a +0 hand axe (weapon)
Armour
 b - a +0 leather armour (worn)
Scrolls
 c - a scroll of identify
 e - a scroll of enchant armour
Potions
 a - a potion of resistance {unknown}
 f - a potion of curing {unknown}
 h - a potion of mutation

Dungeon Overview and Level Annotations

Branches:
Dungeon (3/15)

Altars:


Message History

Assign waypoint to what number? (0-9, D - delete waypoint) Waypoint 2 re-assigned from D:1 to D:3.
You now have 128 gold pieces (gained 12).
A giant cockroach comes into view.
Throw: 2 javelins (silver)
Press: ? - help, Q - select action Shift-Dir - straight line, f - giant cockroach You throw a silver javelin.
The silver javelin pierces through the giant cockroach.
The giant cockroach is almost dead.
Throw: javelin (silver)
Press: ? - help, Q - select action Shift-Dir - straight line, f/p - giant cockroach You throw a silver javelin.
The silver javelin pierces through the giant cockroach.
You kill the giant cockroach!
You see here a giant cockroach corpse.
Found a leather armour.
i - a silver javelin
Found a pair of boots.
Enter note: A goblin comes into view. It is wielding a +0 dagger.
The goblin shouts!
Throw: javelin (silver)
Press: ? - help, Q - select action Shift-Dir - straight line, f - goblin You throw a silver javelin.
The silver javelin pierces through the goblin!
You kill the goblin!
An orc priest comes into view. It is wielding a +0 whip.
2457 ||| Stepping ~*~*~tactically~*~*~ (stealth).
The orc priest shouts!
You hear a shout! x3
The orc priest hits you with a +0 whip.
An orc comes into view. It is wielding a +0 hand axe.
You hit the orc priest. Your kick misses the orc priest.
The orc priest is heavily wounded.
The orc priest hits you with a +0 whip!
You closely miss the orc priest. You claw the orc priest.
The orc priest is heavily wounded.
The orc priest mumbles some strange prayers to Beogh against you.
Beogh smites you!
Ouch! That really hurt!
You die...

# . .# #######(####
#....[o....#
#....o.....#
#...@......#
#...........
######...........
#................
#.....#...........
...####[..........
..........#######.
########....########
### ####...%....#
#..


You could see an orc priest and an orc.

Vanquished Creatures
  Robin (D:2)
  An adder (D:2)
  A dart slug (D:1)
  3 bats (D:1)
  5 endoplasms (D:1)
  4 giant cockroaches
  11 goblins
  5 hobgoblins
  3 jackals (D:1)
  5 quokkas
  5 ball pythons
  5 frilled lizards
  3 kobolds
  3 rats (D:1)
55 creatures vanquished.

Vanquished Creatures (others)
  A plant (D:2)
1 creature vanquished.

Grand Total: 56 creatures vanquished

Notes
Turn   | Place    | Note
-------+----------+-------------------------------------------
     0 | D:1      | qw the Tengu Warper began the quest for the Orb.
     0 | D:1      | Reached XP level 1. HP: 12/12 MP: 4/4
     0 | D:1      | 0 ||| qw: Version: 0.1-a-89-g26bdef1
     0 | D:1      | 0 ||| qw: Game counter: 949
     0 | D:1      | 0 ||| qw: Always use a shield: true
     0 | D:1      | 0 ||| qw: God list: Okawaru
     0 | D:1      | 0 ||| qw: Allow faded altars: false
     0 | D:1      | 0 ||| qw: Do Orc after D:15 true
     0 | D:1      | 0 ||| qw: Do second Lair branch before Depths: true
     0 | D:1      | 0 ||| qw: Lair rune preference: random
     0 | D:1      | 0 ||| qw: Plans: Normal
     0 | D:1      | 0 ||| PLANNING D:1-11
   253 | D:1      | Reached XP level 2. HP: 17/17 MP: 6/6
   257 | D:1      | Reached skill level 3 in Axes
  1095 | D:1      | Reached XP level 3. HP: 19/21 MP: 7/7
  1363 | D:1      | Reached skill level 4 in Axes
  1471 | D:1      | 1471 ||| Stepping ~*~*~tactically~*~*~ (hiding).
  1730 | D:1      | 1730 ||| READING scroll labelled FOYF LULEIPH.
  1731 | D:1      | 1731 ||| DROPPING scroll of blinking.
  1794 | D:2      | 1794 ||| Stepping ~*~*~tactically~*~*~ (hiding).
  1795 | D:2      | 1795 ||| Stepping ~*~*~tactically~*~*~ (stealth).
  1805 | D:2      | Noticed Robin
  1807 | D:2      | 1807 ||| Stepping ~*~*~tactically~*~*~ (hiding).
  1814 | D:2      | 1814 ||| Stepping ~*~*~tactically~*~*~ (hiding).
  1828 | D:2      | Killed Robin
  1829 | D:2      | Reached XP level 4. HP: 10/26 MP: 8/8
  2028 | D:2      | 2028 ||| DROPPING +0 club.
  2243 | D:2      | Reached skill level 5 in Axes
  2392 | D:2      | 2392 ||| READING scroll labelled XIOTONT NUAST.
  2393 | D:2      | 2393 ||| READING 2 scrolls labelled POKO BIER FENT.
  2394 | D:2      | 2394 ||| DRINKING 2 fuming white potions.
  2394 | D:2      | Gained mutation: Your system is resistant to poisons.
                  | (rPois) [potion of mutation]
  2457 | D:3      | 2457 ||| Stepping ~*~*~tactically~*~*~ (stealth).
  2462 | D:3      | Killed from afar by an orc priest

Levels and vault maps discovered:
D:1:      dpeg_arrival_castle, layout_basic, minivault_14, minmay_tetromino_l2
D:2:      cheibrodos_old_hovel, layout_rooms, grunt_decor_junction, uniq_robin
D:3:      layout_rooms, nicolae_overflow_quartered_altars

Skill      XL: |  1  2  3  4 |
---------------+-------------+-----
Axes           | 3 4 5 |  5.0
Fighting       | |  2.0
Throwing       | |  1.0
Armour         | |  1.1
Dodging        | |  2.1
Spellcasting   | |  2.0
Translocations | |  2.4

Action                   |  1- 3 |  4- 6 || total
-------------------------+-------+-------++-------
Melee: Hand axe          |    92 |    26 ||   118
       Kick              |    25 |     7 ||    32
       Peck              |    15 |     3 ||    18
Throw: Boomerang         |     7 |       ||     7
       Javelin           |       |     3 ||     3
  Use: Scroll            |     1 |     2 ||     3
       Potion            |       |     1 ||     1
Armor: Leather armour    |    22 |     2 ||    24
Dodge: Dodged            |    48 |    17 ||    65

Table legend:
 A = Non-vault XP
 B = Vault XP
 C = Vault XP percentage of total XP
 D = Non-vault monster count
 E = Vault monster count
 F = Vault count percentage of total count
                 A         B        C        D         E       F
            +---------+---------+-------+---------+---------+-------
      Total |      66 |      53 |  44.5 |      39 |      16 |  29.1
            +---------+---------+-------+---------+---------+-------
        D:1 |      50 |       4 |   7.4 |      29 |       2 |   6.5
        D:2 |      12 |      49 |  80.3 |       8 |      14 |  63.6
        D:3 |       4 |       0 |   0.0 |       2 |       0 |   0.0
            +---------+---------+-------+---------+---------+-------
